 Dungeon Crawl Stone Soup version 0.29-a0-577-gafbf2c5d25 (webtiles) character file.

Game seed: 17110808648907984376

62 HoaS the Cudgeller (level 4, -1/31 (38) HPs)
             Began as a Meteoran Fighter on June 13, 2022.
             Slain by a giant cockroach (2 damage)
             ... on level 1 of the Dungeon.
             The game lasted 00:03:31 (1287 turns).

HoaS the Cudgeller (Meteoran Fighter)               Turns: 1287, Time: 00:03:32

HP:   -1/31 (38)    AC:  6    Str: 17    XL:     4   Next: 53%
MP:   5/5           EV:  9    Int:  9    God:
Gold: 88            SH:  5    Dex: 16    Spells: 3/3 levels left

rFire   . . .      SeeInvis .   a - +0 flail
rCold   . . .      Faith    .   c - +0 buckler
rNeg    . . .      Spirit   .   b - +0 scale mail
rPois   .          Reflect  .   (no helmet)
rElec   .          Harm     .   (no cloak)
rCorr   .          Rampage  .   (no gloves)
Will    .....                   (no boots)
Stlth   ..........              (no amulet)
HPRegen 0.10/turn               (no ring)
MPRegen 0.09/turn               (no ring)

@: glowing, heavily drained, bezotted
A: sense surroundings 1, otherworldly, glowing, explore regen
a: no special abilities


You were on level 1 of the Dungeon.
You visited 1 branch of the dungeon, and saw 2 of its levels.

You collected 88 gold pieces.

Inventory:

Hand Weapons
 a - a +0 flail (weapon)
Armour
 b - a +0 scale mail (worn)
 c - a +0 buckler (worn)
Scrolls
 e - a scroll of blinking {unknown}
 f - 2 scrolls of identify {unknown}
 h - a scroll of brand weapon {unknown}
Potions
 d - a potion of might
 g - a potion of berserk rage {unknown}


   Skills:
 - Level 3.2 Fighting
 + Level 5.6 Maces & Flails
 - Level 3.6 Armour
 - Level 3.6 Shields


You had 3 spell levels left.
You didn't know any spells.
Your spell library was empty.

Dungeon Overview and Level Annotations

Branches:
Dungeon (2/15)

Altars:
Trog


Innate Abilities, Weirdness & Mutations

You passively map a small area around you.
You are easily found by Zot.
You glow in the dark.
You regain HP and MP as you explore.


Message History

You block the quokka's attack.
You climb upwards.
There is a stone staircase leading down here.
You are too injured to fight recklessly!
You are too injured to fight recklessly!
You are too injured to fight recklessly!
You are too injured to fight recklessly!
You closely miss the quokka.
The quokka bites you but does no damage.
The quokka closely misses you.
You sock the quokka!
You kill the quokka!
You start waiting.
You start waiting.
You start waiting.
You have lingered too long.
Zot senses you.
Dive deeper or flee this branch before you suffer!
There is a stone staircase leading down here.
You climb downwards.
The giant cockroach completely misses you.
The gnoll hits you from afar with a +0 halberd!
You block the giant cockroach's attack.
The gnoll hits you from afar with a +0 halberd!
The gnoll hits you with a +0 club.
There is a stone staircase leading up here.
The giant cockroach bites you. The gnoll closely misses you.
The gnoll barely misses you.
The gnoll hits you from afar with a +0 halberd.
* * * LOW HITPOINT WARNING * * *
You climb upwards.
There is a stone staircase leading down here.
You are too injured to fight recklessly!
You are too injured to fight recklessly!
You are too injured to fight recklessly!
The gnoll attacks as you move away! The gnoll hits you but does no damage.
The giant cockroach bites you but does no damage.
The gnoll hits you with a +0 club.
* * * LOW HITPOINT WARNING * * *
You block the giant cockroach's attack.
You barely miss the giant cockroach. The giant cockroach bites you.
You die...

# #.........#.####.# #
##########.........#......# #
...................##############
.......#########'### #........
..........# #.# #########
).........# #.# # ..........# #.#
# ..........# #.# ###+####.## #@#
.....###..######B#########
.....'..........gg.......#
.....#...........#######'###
.....#...........##........# ###
###'##...........#.........# #..
#.##)†.........#.........# #.# #
#.##........(..#.........# #.# #
#.##...........#.........####.#


You could see 2 gnolls and a giant cockroach.

Vanquished Creatures
  A gnoll (D:1)
  2 adders (D:2)
  A worm (D:2)
  A dart slug (D:1)
  A ball python (D:1)
  3 endoplasms (D:1)
  2 giant cockroaches (D:1)
  3 goblins (D:1)
  3 hobgoblins (D:1)
  A quokka (D:1)
  4 bats (D:1)
  3 frilled lizards
  3 kobolds (D:1)
  5 rats
33 creatures vanquished.

Notes
Turn   | Place    | Note
-------+----------+-------------------------------------------
     0 | D:1      | HoaS the Meteoran Fighter began the quest for the Orb.
     0 | D:1      | Reached XP level 1. HP: 19/19 MP: 2/2
    35 | D:1      | Reached skill level 3 in Maces & Flails
    61 | D:1      | Reached XP level 2. HP: 26/26 MP: 3/3
   164 | D:1      | Reached skill level 4 in Maces & Flails
   183 | D:1      | Reached XP level 3. HP: 28/31 MP: 4/4
   489 | D:1      | Glimpsed the power of Zot.
   539 | D:1      | Glimpsed the power of Zot.
   578 | D:1      | Glimpsed the power of Zot.
   587 | D:1      | Glimpsed the power of Zot.
   588 | D:1      | Touched by the power of Zot.
   594 | D:1      | Reached skill level 5 in Maces & Flails
   688 | D:1      | Glimpsed the power of Zot.
   738 | D:1      | Glimpsed the power of Zot.
   851 | D:2      | Reached XP level 4. HP: 13/29 MP: 5/5
   984 | D:2      | Found a bloodstained altar of Trog.
  1279 | D:1      | Glimpsed the power of Zot.
  1285 | D:1      | HP: 1/31 [gnoll/+0 club (6)]
  1287 | D:1      | Slain by a giant cockroach

Illustrated notes

Levels and vault maps discovered:
D:1:      heliophobic_arrival_glass_houses, layout_basic
D:2:      layout_basic, hellmonk_ecumenical_altar_watching_god, basic_altar,
          serial_bayou_pond_b, uniq_crazy_yiuf_cottage

Skill      XL: |  1  2  3 |
---------------+----------+-----
Maces & Flails | 3 4 5 |  5.6
Fighting       | |  3.2
Armour         | |  3.6
Shields        | |  3.6

Action                   |  1- 3 |  4- 6 || total
-------------------------+-------+-------++-------
Melee: Flail             |    85 |    15 ||   100
Armor: Scale mail        |    63 |    11 ||    74
Dodge: Dodged            |    47 |    11 ||    58
Block: Buckler           |    18 |     3 ||    21

Table legend: (Time is in decaauts)
 A = Elapsed time spent in this place.
 B = Non-inter-level travel time spent in this place.
 C = Inter-level travel time spent in this place.
 D = Time resting spent in this place.
 E = Time spent auto-exploring this place.
 F = Levels seen in this place.
 G = Mean time per level.
                   A        B        C        D        E       F      G
               +--------+--------+--------+--------+--------+-----+--------+
         Total |   1309 |   1283 |     26 |    324 |    705 |   2 |  654.5 |
       Dungeon |   1309 |   1283 |     26 |    324 |    705 |   2 |  654.5 |
               +--------+--------+--------+--------+--------+-----+--------+

Top non-repeatable levels by time:
     D:1: 1013 daAuts
     D:2: 295 daAuts
